 Dungeon Crawl Stone Soup version 0.31.0-11-ge490571c62 (webtiles) character file.

Game seed: 2930102270885438057

24 SnakkuSnakku7 the Magician (level 2, -2/23 HPs)
             Began as a Mummy Alchemist on Jan 26, 2024.
             Slain by a ribbon worm (7 damage)
             ... on level 2 of the Dungeon.
             The game lasted 00:01:13 (944 turns).

SnakkuSnakku7 the Magician (Mummy Alchemist)         Turns: 944, Time: 00:01:14

Health: -2/23      AC:  5    Str: 11    XL:     2   Next: 79%
Magic:  5/5        EV: 15    Int: 14    God:
Gold:   82         SH:  0    Dex: 12    Spells: 5/6 levels left

rFire   . . .        b - +0 short sword
rCold   + . .        (no shield)
rNeg    + + +        c - +0 ring mail
rPois   ∞            (no helmet)
rElec   .            (no cloak)
rCorr   .            (no gloves)
SInv    .            (no boots)
Will    .....        (no amulet)
Stlth   +            i - +5 ring of evasion
HPRegen 0.23/turn    k - ring of protection from fire
MPRegen 0.09/turn

%: faith
@: no status effects
A: cold resistance 1, negative energy resistance 3, torment resistance 2, heat
vulnerability 1, in touch with death 1, no potions, faith
a: no special abilities


You were on level 2 of the Dungeon.
You visited 1 branch of the dungeon, and saw 2 of its levels.

You collected 82 gold pieces.

Inventory:

Hand Weapons
 b - a +0 short sword (weapon)
 j - a +1 dagger of pain
Missiles
 f - 6 poisoned darts (quivered)
Armour
 a - a +0 robe
 c - a +0 ring mail (worn)
Jewellery
 i - a +5 ring of evasion (left hand)
 k - a ring of protection from fire (right hand)
Scrolls
 d - 2 scrolls of identify {unknown}
 e - a scroll of fear {unknown}
 g - a scroll of torment {unknown}
 h - a scroll of immolation {unknown}


   Skills:
 + Level 2.5 Fighting
 - Level 1.5 Dodging
 - Level 1.5 Stealth
 - Level 2.6 Spellcasting
 - Level 0.7 Conjurations
 - Level 2.4 Alchemy


You had 5 spell levels left.
You knew the following spells:

 Your Spells              Type           Power      Damage    Failure   Level
a - Sting                 Conj/Alch      24%        1d4       28%         1

Your spell library contained the following spells:

 Spells                   Type           Power      Damage    Failure   Level
 Mercury Vapours          Alch/Air       10%        N/A       45%         2
 Mephitic Cloud           Conj/Alch/Air  4%         N/A       71%         3
 Gell's Gravitas          Tloc           1%         N/A       85%         3
 Teleport Other           Tloc           1%         N/A       85%         3
 Olgreb's Toxic Radiance  Alch           8%         N/A       89%         4
 Sticky Flame             Fire/Alch      5%         2d4       97%         4
 Dispersal                Tloc           0%         N/A       100%        6


Dungeon Overview and Level Annotations

Branches:
Dungeon (2/15)

Altars:

Shops:
D:1 =


Innate Abilities, Weirdness & Mutations

You are immune to poison.
Your flesh is cold resistant. (rC+)
You are immune to negative energy. (rN+++)
You are immune to unholy pain and torment.
You are vulnerable to heat. (rF-)
You are in touch with the powers of death.
You do not drink.
You have a special connection with the divine. (Faith)


Message History

You kill the ball python!
Found a silvery potion.
A ball python comes into view.
A ball python is nearby!
Found a small diamond ring.
The ball python hisses angrily.
A bat comes into view.
You hit the bat.
You kill the bat!
The ball python bites you but does no damage.
The ball python closely misses you.
You hit the ball python.
You kill the ball python!
A ribbon worm comes into view.
Found a stone staircase leading down.
k - a ring of protection from fire
There are no items here.
k - a ring of protection from fire (right hand)
You completely miss the ribbon worm. You hit the ribbon worm.
The ribbon worm is lightly wounded.
The ribbon worm misses you.
You hit the ribbon worm.
The ribbon worm is lightly wounded.
The ribbon worm bites you.
You hit the ribbon worm.
The ribbon worm is moderately wounded.
The ribbon worm bites you!
You hit the ribbon worm.
The ribbon worm is moderately wounded.
The ribbon worm bites you!
* * * LOW HITPOINT WARNING * * *
You are too injured to fight recklessly!
You hit the ribbon worm.
The ribbon worm is moderately wounded.
You are too injured to fight recklessly!
You hit the ribbon worm.
The ribbon worm is heavily wounded.
The ribbon worm bites you!
You die...

.....# ##....# . +.....#
.......####
#....>+............#..
...#.....#............#..
.........##....#......#..
.......#..............#..
.......#.##..............
.......#@................
.......#w.#........##....
.....#.#..#..............
.......†#..#..............
....###†......!...........
..............############
...###.......# . #.......#
#.......#


You could see a ribbon worm.

Vanquished Creatures
  A dart slug (D:1)
  4 ball pythons
  3 bats
  An endoplasm (D:1)
  2 giant cockroaches (D:2)
  2 hobgoblins (D:1)
  3 quokkas
  4 kobolds
  A rat (D:1)
21 creatures vanquished.

Notes
Turn   | Place    | Note
-------+----------+-------------------------------------------
     0 | D:1      | SnakkuSnakku7 the Mummy Alchemist began the quest for the
                  | Orb.
     0 | D:1      | Reached XP level 1. HP: 13/13 MP: 4/4
    93 | D:1      | Found a faded altar of an unknown god.
   114 | D:1      | Reached skill level 1 in Fighting
   184 | D:1      | Reached XP level 2. HP: 22/22 MP: 5/5
   233 | D:1      | Found Soaxtarr's Jewellery Emporium.
   944 | D:2      | Slain by a ribbon worm

Illustrated notes

Levels and vault maps discovered:
D:1:      minmay_arrival_three_doors, layout_basic,
          hellmonk_ecumenical_altar_lost_god, serial_shops,
          nicolae_shop_tiny_statue_garden, minivault_24
D:2:      minmay_door_path, layout_basic, chequers_mini_garden

Skill      XL: |  1  2 |
---------------+-------+-----
Fighting       | 1 2 |  2.5
Dodging        | |  1.5
Stealth        | |  1.5
Spellcasting   | |  2.6
Conjurations   | |  0.7
Alchemy        | |  2.4

Action                     || total
---------------------------++-------
  Melee: Short sword       ||   103
         Unarmed           ||     4
   Cast: Sting             ||     3
 Armour: Ring mail         ||    60
         Robe              ||     4
  Dodge: Dodged            ||    58
